 Dungeon Crawl Stone Soup version 0.24-a0-252-g5076262 (webtiles) character file.

Game seed: 9663522501016978114

393 MatthieuS the Chopper (level 6, -3/84 HPs)
             Began as a Hill Orc Fighter on Apr 17, 2019.
             Slain by a scorpion (5 damage)
             ... on level 3 of the Dungeon.
             The game lasted 00:05:07 (3158 turns).

MatthieuS the Chopper (Hill Orc Fighter)            Turns: 3158, Time: 00:05:07

Health: -3/84      AC: 23    Str: 21    XL:     6   Next: 81%
Magic:  6/6        EV:  2    Int:  8    God:
Gold:   185        SH: 10    Dex: 15    Spells: 5/5 levels left

rFire    . . .     SeeInvis .   a - +0 war axe
rCold    . . .     Gourm    .   c - +0 shield
rNeg     + + +     Faith    .   (armour currently unavailable)
rPois    +         Spirit   .   (helmet currently unavailable)
rElec    .         Reflect  .   (cloak currently unavailable)
rCorr    .         Harm     .   (gloves currently unavailable)
MR       .....     NoTele   +   (boots currently unavailable)
Stlth    ++........             (no amulet)
HPRegen  0.24/turn              (no ring)
MPRegen  0.10/turn              (no ring)

@: agile, lethally poisoned (-3 -> -12), tree-form
A: no striking features
a: no special abilities


You were on level 3 of the Dungeon.
You were not hungry.
You were a tree.
You visited 1 branch of the dungeon, and saw 3 of its levels.

You collected 185 gold pieces.

Inventory:

Hand Weapons
 a - a +0 war axe (weapon)
Armour
 c - a +0 shield (worn)
 p - a +0 helmet (melded)
   (You found it on level 2 of the Dungeon)
 t - a +0 chain mail (melded)
   (You found it on level 3 of the Dungeon)
Scrolls
 b - a scroll of enchant weapon {unknown}
 g - 2 scrolls of teleportation {unknown}
 h - 2 scrolls of identify {unknown}
 i - a scroll of fear {unknown}
 j - 3 scrolls of remove curse {@r2}
 k - a scroll of blinking {unknown}
 m - a scroll of noise {unknown}
 o - a scroll of fog {unknown}
Potions
 d - a potion of might
 l - 2 potions of lignification {!q}
 n - a potion of flight
 q - a potion of haste {@q3}
 r - a potion of heal wounds {unknown}
 u - a potion of magic {unknown}
Comestibles
 e - 3 rations
 s - 15 chunks of flesh


   Skills:
 + Level 5.0 Fighting
 * Level 6.2 Axes
 + Level 4.6 Armour
 + Level 4.6 Shields


You had 5 spell levels left.
You didn't know any spells.
Your spell library contained the following spells:

 Spells                   Type           Power        Failure   Level  Hunger
 Confusing Touch          Hex            #.....       86%         1    ##.....
 Confuse                  Hex            #.......     99%         3    ####...
 Gell's Gravitas          Tloc           #.........   99%         3    ####...
 Petrify                  Tmut/Erth      #.......     100%        4    #####..
 Metabolic Englaciation   Hex/Ice        #.........   100%        5    ######.
 Yara's Violent Unravell  Hex/Tmut       #.........   100%        5    ######.


Dungeon Overview and Level Annotations

Branches:
Dungeon (3/15)

Altars:

Annotations:
D:2 1 runed translucent door, Crazy Yiuf


Message History

The leopard gecko bites you.
* * * LOW HITPOINT WARNING * * *
The scorpion stings you.
* * * LOW HITPOINT WARNING * * *
You are poisoned.
The scorpion poisons you!
The leopard gecko bites you but does no damage.
You hit the scorpion. You miss the leopard gecko.
You feel sick.
The scorpion stings you but does no damage.
The leopard gecko bites you.
* * * LOW HITPOINT WARNING * * *
The scorpion stings you.
* * * LOW HITPOINT WARNING * * *
You are lethally poisoned!
The scorpion poisons you!
You hit the scorpion but do no damage. You closely miss the leopard gecko.
* * * LOW HITPOINT WARNING * * *
You feel sick. You block the leopard gecko's attack. The scorpion stings you.
* * * LOW HITPOINT WARNING * * *
You block the leopard gecko's attack.
You closely miss the scorpion. You hit the leopard gecko.
* * * LOW HITPOINT WARNING * * *
You feel sick. The leopard gecko barely misses you. The scorpion stings you.
* * * LOW HITPOINT WARNING * * *
It was a potion of flight.
You feel very buoyant.
You fly up into the air.
* * * LOW HITPOINT WARNING * * *
You feel sick.
The leopard gecko bites you but does no damage.
You block the scorpion's attack.
It was a potion of lignification.
You turn into a tree.
Your +0 helmet melds into your body.
Your +0 chain mail melds into your body.
Your roots penetrate the ground.
* * * LOW HITPOINT WARNING * * *
You feel sick.
The leopard gecko bites you but does no damage.
You block the scorpion's attack. You block the leopard gecko's attack.
It was a potion of agility.
You feel agile all of a sudden.
* * * LOW HITPOINT WARNING * * *
You feel sick.
The scorpion stings you but does no damage.
The leopard gecko barely misses you.
You slash the scorpion! You hit the leopard gecko.
You kill the leopard gecko!
* * * LOW HITPOINT WARNING * * *
You feel sick. The scorpion stings you.
You die...

############
#..........# #####
#..........#
....#########...s).....#
....#..........)♣).....#
....#.........######....
....'..............+ .
....#.........######
....#....÷....#
....#.........#
'##############
............
.#####.....#


You could see a scorpion.

Vanquished Creatures
  An ogre (D:2)
  An orc wizard (D:3)
  A gnoll shaman (D:2)
  Natasha (thrice) (D:2)
  4 gnolls (D:2)
  4 adders (D:2)
  2 oozes (D:2)
  2 worms
  2 dart slugs
  3 leopard geckos
  5 orcs (D:3)
  A giant cockroach (D:1)
  7 goblins
  8 hobgoblins
  7 jackals (D:3)
  2 quokkas
  9 bats
  3 frilled lizards
  8 kobolds
  15 rats
88 creatures vanquished.

Notes
Turn   | Place    | Note
-------+----------+-------------------------------------------
     0 | D:1      | MatthieuS the Hill Orc Fighter began the quest for the Orb.
     0 | D:1      | Reached XP level 1. HP: 19/19 MP: 1/1
    43 | D:1      | Reached skill level 3 in Axes
    48 | D:1      | Reached XP level 2. HP: 17/27 MP: 2/2
   544 | D:2      | Reached XP level 3. HP: 27/33 MP: 3/3
   572 | D:2      | Noticed an ogre
   573 | D:2      | HP: 1/33 [ogre/+0 giant club (28)]
  1071 | D:2      | Killed an ogre
  1071 | D:2      | Reached skill level 4 in Axes
  1071 | D:2      | Reached XP level 4. HP: 22/41 MP: 4/4
  1071 | D:2      | Reached XP level 5. HP: 25/47 MP: 5/5
  1395 | D:2      | Reached skill level 5 in Axes
  1737 | D:2      | Found a runed translucent door.
  1738 | D:2      | Noticed Crazy Yiuf
  2116 | D:2      | Noticed Natasha
  2125 | D:2      | Killed Natasha
  2125 | D:2      | Reached XP level 6. HP: 28/53 MP: 6/6
  2373 | D:2      | Noticed Natasha
  2382 | D:2      | Killed Natasha
  2431 | D:2      | Noticed Natasha
  2441 | D:2      | Killed Natasha
  2950 | D:3      | Reached skill level 6 in Axes
  2954 | D:3      | Reached skill level 5 in Fighting
  3157 | D:3      | HP: 3/84 [poisoned by a scorpion]
  3158 | D:3      | Slain by a scorpion

Levels and vault maps discovered:
D:1:      minmay_arrival_three_doors, layout_rooms
D:2:      minmay_razor_zed, layout_basic, uniq_natasha, uniq_crazy_yiuf_cottage
D:3:      layout_basic, ebering_ghost_reflecting_pool,
          chequers_ecumenical_altar_simple, lemuel_old_faithful, uniq_ijyb,
          uniq_terence

Skill      XL: |  1  2  3  4  5  6 |
---------------+-------------------+-----
Axes           | 3 4 5 6 |  6.2
Fighting       | 4 5 |  5.0
Armour         | 4 |  4.6
Shields        | 4 |  4.6

Action                   |  1- 3 |  4- 6 || total
-------------------------+-------+-------++-------
Melee: War axe           |    77 |   173 ||   250
  Use: Scroll            |     1 |       ||     1
       Potion            |       |     4 ||     4
  Eat: Chunk             |     1 |     3 ||     4
       Ration            |       |     1 ||     1
Armor: Scale mail        |    41 |    60 ||   101
       Chain mail        |       |    23 ||    23
       Skin              |       |     2 ||     2
Dodge: Dodged            |    30 |    53 ||    83
Block: Shield            |    49 |    98 ||   147

Table legend:
 A = Non-vault XP
 B = Vault XP
 C = Vault XP percentage of total XP
 D = Non-vault monster count
 E = Vault monster count
 F = Vault count percentage of total count
                 A         B        C        D         E       F
            +---------+---------+-------+---------+---------+-------
      Total |     464 |      98 |  17.4 |      74 |      14 |  15.9
            +---------+---------+-------+---------+---------+-------
        D:1 |      30 |       0 |   0.0 |      18 |       0 |   0.0
        D:2 |     342 |      98 |  22.3 |      32 |      14 |  30.4
        D:3 |      92 |       0 |   0.0 |      24 |       0 |   0.0
            +---------+---------+-------+---------+---------+-------
